 Dungeon Crawl Stone Soup version 0.28-a0-1233-g92def6ad0a (webtiles) character file.

Game seed: 3862282655812851421

4 Grim the Poker (level 1, 18/18 HPs)
             Began as a Merfolk Berserker on Dec 23, 2021.
             Was a Follower of Trog.
             Quit the game on level 1 of the Dungeon.
             The game lasted 00:00:29 (333 turns).

Grim the Poker (Merfolk Berserker)                   Turns: 333, Time: 00:00:30

Health: 18/18      AC:  2    Str: 17    XL:     1   Next: 60%
Magic:  1/1        EV: 12    Int:  6    God:    Trog [*.....]
Gold:   17         SH:  0    Dex: 13    Spells: 0/0 levels left

rFire   . . .      SeeInvis .   a - +0 spear
rCold   . . .      Faith    .   (no shield)
rNeg    . . .      Spirit   .   b - +0 animal skin
rPois   .          Reflect  .   (no helmet)
rElec   .          Harm     .   (no cloak)
rCorr   .          Rampage  .   (no gloves)
Will    .....                   (no boots)
Stlth   +.........              (no amulet)
HPRegen 0.06/turn               (no ring)
MPRegen 0.07/turn               (no ring)

@: no status effects
A: (nimble swimmer 2), mertail
a: Renounce Religion, Berserk


You were on level 1 of the Dungeon.
You worshipped Trog.
Trog was aware of your devotion.
You visited 1 branch of the dungeon, and saw 1 of its levels.

You collected 17 gold pieces.

Inventory:

Hand Weapons
 a - a +0 spear (weapon)
Armour
 b - a +0 animal skin (worn)
Jewellery
 d - a ring of magical power
Scrolls
 c - a scroll of enchant weapon {unknown}


   Skills:
 - Level 3.2 Fighting
 + Level 4.8 Polearms
 - Level 1.3 Armour
 - Level 2.6 Dodging


You couldn't memorise any spells.
You didn't know any spells.
Your spell library was empty.

Dungeon Overview and Level Annotations

Branches:
Dungeon (1/15)

Altars:


Innate Abilities, Weirdness & Mutations

((You are very nimble when in or above water. (Stealth+, EV+, Speed+++)))
Your lower body shifts to a powerful aquatic tail in water.


Message History

You kill the hobgoblin!
Trog accepts your kill.
No target in view!
d - a ring of magical power You now have 17 gold pieces (gained 4).
Found 10 stones.
A hobgoblin comes into view.
A hobgoblin is nearby!
You closely miss the hobgoblin. You hit the hobgoblin but do no damage.
The hobgoblin barely misses you.
You hit the hobgoblin.
The hobgoblin is moderately wounded.
The hobgoblin closely misses you.
You barely miss the hobgoblin.
The hobgoblin is moderately wounded.
The hobgoblin barely misses you.
You hit the hobgoblin.
The hobgoblin is almost dead.
The hobgoblin hits you.
You hit the hobgoblin but do no damage.
The hobgoblin is almost dead.
The hobgoblin barely misses you.
You closely miss the hobgoblin.
The hobgoblin is almost dead.
The hobgoblin hits you.
You closely miss the hobgoblin.
The hobgoblin is almost dead.
The hobgoblin closely misses you.
You hit the hobgoblin.
You kill the hobgoblin!
Trog accepts your kill.
No target in view!
You start resting.
HP restored.
Found a spear.
Found a scale mail.
You see here a +0 spear.
You see here a +0 scale mail.
Found a scale mail.
Are you sure you want to abandon this character and quit the game? (Confirm with "yes".)

### ..# #.# ..#
########### #.#
#.......@.#
..#######[#######.#
.......).....^# .#
...######.###.# [#
..## #.# .# .## #.#
.# .# #.. .# .# ###
## +#


There were no monsters in sight!

Vanquished Creatures
  2 hobgoblins (D:1)
  A frilled lizard (D:1)
  A rat (D:1)
4 creatures vanquished.

Notes
Turn   | Place    | Note
-------+----------+-------------------------------------------
     0 | D:1      | Grim the Merfolk Berserker began the quest for the Orb.
     0 | D:1      | Reached XP level 1. HP: 18/18 MP: 1/1
   333 | D:1      | Quit the game

Illustrated notes

Levels and vault maps discovered:
D:1:      wander_arrival_estate, layout_loops_corners

Action                   || total
-------------------------++-------
Melee: Spear             ||    18
Dodge: Dodged            ||     9

Table legend: (Time is in decaauts)
 A = Elapsed time spent in this place.
 B = Non-inter-level travel time spent in this place.
 C = Inter-level travel time spent in this place.
 D = Time resting spent in this place.
 E = Time spent auto-exploring this place.
 F = Levels seen in this place.
 G = Mean time per level.
                   A        B        C        D        E       F      G
               +--------+--------+--------+--------+--------+-----+--------+
         Total |    330 |    330 |      0 |    106 |    189 |   1 |  330.0 |
       Dungeon |    330 |    330 |      0 |    106 |    189 |   1 |  330.0 |
               +--------+--------+--------+--------+--------+-----+--------+

Top non-repeatable levels by time:
     D:1: 330 daAuts
